[Event "Romanian Rapid Open 2022"]
[Site "Sebes"]
[Date "2022.12.02"]
[Round "4.20"]
[White "Nastase, Robert-Paul"]
[Black "Saioc, David"]
[Result "1-0"]
[ECO "B75"]
[WhiteElo "2229"]
[BlackElo "2026"]
[Annotator "TA"]
[PlyCount "119"]
[EventDate "2022.12.02"]
[EventType "rapid"]
[EventCountry "ROU"]
[SourceTitle "playchess.com"]
[Source "ChessBase"]
[SourceQuality "1"]
[TimeControl "600+5"]

1. e4 c5 2. Nf3 d6 3. d4 cxd4 4. Nxd4 Nf6 5. Nc3 g6 6. Be3 a6 7. f3 Bg7 8. Qd2 h5 {[%emt 0:00:02] B75: Sicilian Dragon: Yugoslav Attack, Miscellaneous.} 9. Be2 $1 {[%emt 0:00:29][%mdl 4] is now more promising than 9.0-0-0.} Nbd7 10. a4 {[%emt 0:00:11] White is more active.} b6 {[%emt 0:00:04] [#] White is slightly better.} 11. h3 $146 ({Predecessor:} 11. Nd5 Bb7 12. c4 O-O 13. O-O e6 14. Nxf6+ Nxf6 15. a5 bxa5 16. Nb3 Rb8 17. Nxa5 {1-0 (38) Navara,D (2697)-Adhiban,B (2660) chess24.com INT 2021}) 11... Bb7 12. O-O Rc8 13. Na2 (13. Rad1 $14) 13... Ne5 ({Better is} 13... d5 $11) 14. b3 $14 O-O 15. Nb4 a5 16. Nd3 Nc6 {[%emt 0:01:04] aiming for ...Nxd4.} 17. Nxc6 Rxc6 18. c4 Nd7 19. Rad1 Nc5 20. Nc1 (20. Nxc5 {simplifies} bxc5 21. Bd3 Ra6 22. Bc2) 20... Rc8 21. Bh6 Qc7 22. g4 $2 (22. Bd3 $11 {and White has nothing to worry.}) 22... hxg4 23. hxg4 {[%emt 0:00:02] [#]} Ne6 (23... d5 $1 $19 {...Qg3+ is the strong threat.} 24. e5 Qxe5) 24. Kf2 $11 Bxh6 25. Qxh6 Qc5+ 26. Qe3 Kg7 (26... f6 {seems wilder.} 27. Rh1 Kg7 28. Nd3 Qxe3+ 29. Kxe3 g5) 27. Nd3 Qxe3+ 28. Kxe3 Nc5 29. Rb1 Nxd3 30. Bxd3 Bc6 31. f4 Rh8 32. Rh1 Rxh1 33. Rxh1 Rh8 34. Rxh8 Kxh8 {[%emt 0:00:01][%mdl 4096] Endgame KB-KB} 35. e5 Kg7 36. exd6 exd6 37. Be4 Bd7 38. g5 Kf8 39. Kd4 Be6 40. Bd5 Ke7 41. Be4 Kd7 42. Kc3 Kc7 43. b4 Kd7 44. Bb7 Kc7 45. Ba6 Bd7 46. bxa5 bxa5 47. Bb5 {[%emt 0:00:01] Hoping for Bxd7.} Be6 48. Kd4 Kb6 49. Be8 Kc7 50. c5 d5 $2 {[%emt 0:00:07][%mdl 8192] [#]} (50... Ba2 $11) 51. Ke5 Kd8 52. Bb5 (52. Bc6 $142 d4 53. Kxd4 Bb3 54. Bd5 Bxa4 55. Bxf7 Bc2 56. Bc4 a4 57. Kc3) 52... Kc7 $18 53. Kd4 Kb7 54. Kc3 $2 (54. Be2 $18 {Black must now prevent Bf3.} Kc7 55. Bf3) 54... Kc7 $11 55. Kd3 {[%emt 0:00:01] And now Kd4 would win.} Bf5+ $2 (55... Bd7 $11 56. Kc3 Be6) 56. Kd4 $18 Be6 57. Ke5 Kb7 58. Kd6 {[%emt 0:00:08] White mates.} Kc8 59. c6 d4 60. Ba6+ {[%emt 0:00:15] Never resign too early!   Weighted Error Value: White=0.37/Black=0.43} 1-0

[Event "Romanian Rapid Open 2022"]
[Site "Sebes"]
[Date "2022.12.02"]
[Round "4.21"]
[White "Craciun, Ovidiu"]
[Black "Vrencian, Lehel"]
[Result "0-1"]
[ECO "B81"]
[WhiteElo "1857"]
[BlackElo "2226"]
[Annotator "TA"]
[PlyCount "78"]
[EventDate "2022.12.02"]
[EventType "rapid"]
[EventCountry "ROU"]
[SourceTitle "playchess.com"]
[Source "ChessBase"]
[SourceQuality "1"]
[TimeControl "600+5"]

1. e4 c5 2. Nf3 e6 3. d4 cxd4 4. Nxd4 Nf6 5. Nc3 d6 6. g4 h6 7. Bg2 a6 8. h4 h5 {[%emt 0:00:53] B81: Sicilian Scheveningen: Keres Attack.} (8... Nc6 $11 {feels stronger.}) 9. gxh5 (9. g5 $5 Ng4 10. Qd2 $16) 9... Nxh5 {[%emt 0:00:04] [#]} 10. Be3 $146 ({Predecessor:} 10. Bg5 Qc7 11. Qd2 Nc6 12. O-O-O Ne5 13. Qe2 Be7 14. Kb1 g6 15. f4 Ng3 16. Qe1 Nxh1 17. fxe5 dxe5 18. Bxe7 Qxe7 {½-½ (40) Werner,M (2320)-Schoeneberg,M (2295) Germany 1990}) 10... Nc6 {[%emt 0:00:53] White has an edge.} 11. Nce2 (11. Bf3 $14 Nf6 12. Nxc6 bxc6 13. Qd2) 11... Bd7 12. Ng3 Nxg3 13. fxg3 (13. Nxc6 {simplifies} bxc6 14. fxg3 Rb8 15. Bd4) 13... Qb6 14. Qd2 Qxb2 15. O-O Qa3 (15... Nxd4 $15 16. Bxd4 Qa3) 16. Qf2 (16. Nxc6 $1 $11 Bxc6 17. c4) 16... Ne5 $1 $17 17. Bh3 (17. Rab1 $17) 17... Be7 $19 18. Rab1 b5 (18... Qxa2 19. Nf3 (19. Rxb7 Bf6 $17) 19... Nxf3+ 20. Qxf3 $11) 19. Rb3 (19. Nf3 {might work better.} O-O 20. c3) 19... Qa5 ({Better is} 19... Qxa2 $19 20. Bg4 O-O) 20. Nf3 $17 O-O {[%emt 0:02:25] Hoping for ...Rac8.} (20... Qxa2 $2 21. Nxe5 Rf8 22. Nxd7 Kxd7 23. Bd4 $18) 21. Nxe5 dxe5 22. Rd3 (22. Bg5 $17 f6 23. Be3) 22... Bc6 $19 23. Bg2 Qa4 24. Qf3 (24. Bc5 $142 Bxc5 25. Qxc5) 24... f5 (24... Qxa2 $2 25. Rf2 $19) 25. Qh5 Bxe4 (25... fxe4 26. Qxe5 exd3 27. Qxe6+ Kh8 28. Rxf8+ Rxf8 29. Qxe7 $19) 26. Rd7 Rae8 (26... Qxc2 $2 27. Rf2 Qb1+ 28. Kh2 $19) 27. Qg6 {[%emt 0:00:07] Bh6 is the strong threat.} Bxg2 $1 (27... Bxc2 28. Qxe6+ Kh7 29. Rxe7 Rxe7 30. Qxe7 $18) (27... Bf6 $2 28. Bh6 $18) 28. Qxe6+ Rf7 $2 (28... Kh7 $19 29. Kxg2 Bg5 $1 ) 29. Kxg2 (29. Rxf5 $16 {is necessary to keep the advantage.} Qc4 30. Qxc4 (30. Qxe5 $2 {loses.} Bh3 $19) 30... bxc4 31. Rxf7 (31. Rxe5 $2 Bc6 $19) 31... Kxf7 32. Kxg2) 29... Qe4+ 30. Rf3 Qxc2+ 31. Bf2 Qe4 32. Bc5 Qc2+ (32... Bxc5 $2 {gets mated.} 33. Qxf7+ Kh8 34. Qxg7#) ({Black should try} 32... Qc4 33. Qxe5 Qxc5 34. Qxc5 Bxc5 35. Rxf7 Kxf7 36. Rxf5+ Kg8 37. Rxc5 Re2+ 38. Kf3 Rxa2) 33. Bf2 $17 Qc4 34. Qxe5 Qe4 (34... Qxa2 $17 {aiming for ...Qc4.} 35. Rc3 Qb2) 35. Qxe4 $11 fxe4 36. Rxf7 Kxf7 37. Ra7 Rc8 38. g4 {[%emt 0:00:07] [#]} (38. Rxa6 $11 Rc3 39. Be1 Rc2+ 40. Kf1) 38... Rc2 (38... Rc6 $1 $17 39. a3 Ke6) 39. Rxa6 $2 (39. Kf1 $11) 39... e3 {[%emt 0:00:01] Weighted Error Value: White=0.57/Black=0.51} 0-1

[Event "Romanian Rapid Open 2022"]
[Site "Sebes"]
[Date "2022.12.02"]
[Round "4.22"]
[White "Creanga, Robert-Ionut"]
[Black "Maresanu, Mina-Andrei"]
[Result "1-0"]
[ECO "D10"]
[WhiteElo "2190"]
[BlackElo "1877"]
[Annotator "TA"]
[PlyCount "47"]
[EventDate "2022.12.02"]
[EventType "rapid"]
[EventCountry "ROU"]
[SourceTitle "playchess.com"]
[Source "ChessBase"]
[SourceQuality "1"]
[TimeControl "600+5"]

1. d4 d5 2. c4 c6 3. Nc3 Nf6 4. e3 Bf5 5. cxd5 cxd5 6. Qb3 Bc8 7. Nf3 {[%emt 0:00:38] D10: Slav Defence: 3 cxd5 (without early Nf3) and 3 Nc3.} Nc6 8. Ne5 {[%emt 0:00:37] 8.Bd3 is more fashionable.} e6 9. f4 {[%emt 0:01:08] White is slightly better.} Be7 10. Bd3 O-O 11. O-O Na5 12. Qd1 b6 {[%emt 0:01:09] [#]} 13. Qf3 $146 ({Predecessor:} 13. Rf3 Bb7 14. Rh3 g6 15. Qf3 Nc6 16. Bd2 Ne8 17. Ng4 f5 18. Nh6+ Kg7 19. g4 {1-0 (51) Chatalbashev,B (2529)-Ipek,A (2269) Antalya 2002}) 13... Nb7 14. g4 ({Better is} 14. e4 $14) 14... Nd6 $11 15. g5 Nfe8 (15... Nfe4 $1 $11 {keeps the balance.}) 16. Qh3 {[%emt 0:01:48][%csl Gd3][%cal Rh3h7] [#] White is much more active.} (16. Nc6 {simplifies} Qc7 17. Nxe7+ Qxe7 18. b3) 16... g6 17. Bd2 (17. a4 {simplifies} a6 18. Nc6 Qc7 19. Nxe7+ Qxe7 20. b3) 17... Ng7 18. Rac1 $40 {[%emt 0:00:23][%mdl 128] White has some attack.} f6 $2 {[%emt 0:01:11][%mdl 8192] [#] A mistake that costs the game.} (18... Bb7 $11) 19. Nxg6 $1 $18 e5 $2 (19... f5) 20. Nxe7+ Qxe7 21. Qxh7+ Kf7 22. fxe5 {[%emt 0:00:19][%cal Rg5f6] White wants to mate with gxf6!} f5 23. Nxd5 Qe6 24. Nf4 {[%emt 0:00:08] Weighted Error Value: White=0.09 (flawless) /Black=0.73} 1-0

[Event "Romanian Rapid Open 2022"]
[Site "Sebes"]
[Date "2022.12.02"]
[Round "4.23"]
[White "Vasilca, Cornel"]
[Black "Stefan, Romulus-Cristian"]
[Result "0-1"]
[ECO "B07"]
[WhiteElo "1520"]
[BlackElo "2097"]
[Annotator "TA"]
[PlyCount "148"]
[EventDate "2022.12.02"]
[EventType "rapid"]
[EventCountry "ROU"]
[SourceTitle "playchess.com"]
[Source "ChessBase"]
[SourceQuality "1"]
[TimeControl "600+5"]

1. e4 d6 2. d4 Nf6 3. f3 Nbd7 4. Be3 e5 5. d5 h5 6. c4 {[%emt 0:00:09] B07: Pirc Defence: Miscellaneous Systems.} Be7 7. Nc3 Nh7 {[%emt 0:00:02] [#]} 8. Bd3 $146 {[%emt 0:00:14] White is slightly better.} ({Predecessor:} 8. Qd2 Bg5 9. Bxg5 Qxg5 10. Qxg5 Nxg5 11. h4 Nh7 12. g3 Ke7 13. Bh3 Nhf6 14. Nge2 Nc5 15. Bxc8 Rhxc8 16. Kd2 c6 {½-½ (16) Livaic,L (2468)-Markus,R (2615) Skopje 2018}) 8... Bg5 9. Qd2 Nc5 10. Bc2 a5 11. Nge2 Bd7 12. O-O (12. f4 $14 Bf6 13. O-O) 12... Bxe3+ $11 13. Qxe3 O-O 14. f4 exf4 15. Nxf4 (15. Rxf4 {is interesting.} Qg5 16. Raf1 Rae8 17. h3) 15... g6 (15... Qg5 $11 {was preferrable.}) 16. e5 $14 dxe5 (16... Qg5 $1 $14) 17. Qxe5 (17. Qxc5 $6 exf4 18. Rae1 (18. Rxf4 Re8 $14) 18... b6 $14) (17. Nxh5 $18 {Threatening mate with Qh6.} Bg4 18. Qxc5 Bxh5 19. Rae1) 17... Re8 $2 (17... Qg5 $1 $14 18. Qd4 (18. Qxc7 Rfc8 $14) 18... b6) 18. Qd4 $18 {[%emt 0:00:12] And now Nxh5 would win.} Qe7 19. Rae1 $1 {[%emt 0:00:22] Against b6} Qd6 {[%emt 0:00:03] [#]} (19... Qxe1 20. Rxe1 Rxe1+ 21. Kf2 Rc1 22. Bxg6 fxg6) 20. a3 $2 (20. Nxh5 $1 $18 Qf8 (20... f6 21. Bxg6) 21. Rxe8 Rxe8 22. Bxg6) 20... a4 $2 {[%emt 0:00:04][%mdl 8192] [#]} (20... Rxe1 $14 21. Rxe1 a4) 21. Qf2 $2 (21. Nxh5 $1 $18 f6 (21... Qf8 22. Rxe8) 22. Bxg6 Rxe1 23. Rxe1) 21... Rf8 (21... Rxe1 $14 22. Rxe1 Re8 23. Rxe8+ Bxe8) 22. Qg3 (22. Nd3 $18 Nxd3 23. Bxd3) 22... Kh8 {[%emt 0:00:57] [#]} (22... Rae8 $16) 23. Bxg6 $1 Rg8 {[%emt 0:00:02] [#]} 24. Qe3 $1 fxg6 (24... Rxg6 25. Nxg6+) 25. Qd4+ Rg7 {[%emt 0:00:10] [#] ...Rf8 is the strong threat.} (25... Nf6 $2 26. Nxh5 $1 Nb3 27. Qxf6+ Qxf6 28. Nxf6 $18) 26. Ne4 $2 (26. Re7 $1 $16 {[%csl Ge7][%cal Rd4g7] is necessary to keep the advantage.} Nf6 27. Rxg7 Kxg7 28. Ne6+ Bxe6 29. Rxf6 (29. Qxf6+ Kh7 $16)) 26... Nxe4 $19 27. Rxe4 b6 28. Ne6 Bxe6 29. Rxe6 Qc5 30. Qxc5 bxc5 31. Rc6 (31. Rfe1 $17 {was worth a try.}) 31... Rb8 32. Rxc5 Rxb2 33. Re1 (33. Rc6 $142) 33... Nf6 34. h3 (34. Ra5 {was necessary.}) 34... h4 35. Rc6 Nh5 36. c5 Rc2 37. d6 cxd6 38. Rxd6 Rxc5 39. Re8+ (39. Rd4 $142 g5 40. Rxa4) 39... Kh7 40. Rdd8 g5 41. Rh8+ Kg6 {[%emt 0:00:01] White must now prevent ...Rc1+.} 42. Rd6+ Nf6 43. Rf8 Rf5 {[%emt 0:00:02] aiming for ...Re7.} 44. Ra8 Rf4 45. Raa6 Rb7 46. Kh2 Rb2 47. Rd8 Rff2 48. Rg8+ Kf7 (48... Kh6 $142 49. Rc8 Rxg2+ 50. Kh1 Rgf2) 49. Rxg5 Rf4 (49... Ne4 $19 50. Ra7+ Kf6) 50. Ra7+ $15 Ke6 {[%emt 0:00:06] Hoping for ...Re2.} 51. Ra6+ Ke7 52. Ra7+ Kd6 {[%emt 0:00:55] Strongly threatening ...Rd2.} 53. Ra6+ $1 Ke7 ({Black should play} 53... Kc7 $15 54. Rg7+ Kb8) 54. Rg7+ (54. Ra7+ $1 $11 Ke8 55. Rgg7) 54... Kf8 55. Rc7 (55. Raa7 $1 $15) 55... Rb8 $2 (55... Rff2 $19 56. Rxa4 Rxg2+ 57. Kh1 Rgd2 58. Ra8+ Ne8) 56. Raa7 Ne8 57. Rh7 Kg8 {[%emt 0:00:03] Inhibits Rh8+.} 58. Rh5 {[%emt 0:00:05] [#]} (58. Rhd7 $15) 58... Nd6 (58... Rc8 $1 $17 59. Rg5+ Kf8) 59. Rg5+ Kf8 {[%emt 0:00:01] Threatens to win with ...Rb1.} 60. Rh7 $2 ({White should try} 60. Rg4 $15 Rxg4 61. hxg4) 60... Nf7 $19 61. Rc5 Kg8 62. Rhh5 Rb3 63. Rc8+ Kg7 64. Rc7 Rxa3 65. Rg5+ Kf6 66. Rb5 Rb3 $2 (66... Rf2 67. Ra7 Raa2 68. Rb6+ Kg7) 67. Rc6+ Kg7 68. Rd5 $2 (68. Rxb3 axb3 69. Rb6) 68... a3 69. Rc7 Rb2 {[%emt 0:00:06] ( -> ...Rff2)} 70. Rg5+ Kf6 {[%emt 0:00:01] Black mates.} 71. Ra5 a2 72. Ra6+ Kg7 73. Rca7 Rff2 74. Rxf7+ Kxf7 {[%emt 0:00:05] Never resign too early!   Weighted Error Value: White=0.87/Black=0.32} 0-1

[Event "Romanian Rapid Open 2022"]
[Site "Sebes"]
[Date "2022.12.02"]
[Round "4.24"]
[White "Ciolacu, Alessia-Mihaela"]
[Black "Dobre, Ana-Margareta-Alexan"]
[Result "1-0"]
[ECO "D37"]
[WhiteElo "2097"]
[BlackElo "1857"]
[Annotator "TA"]
[PlyCount "91"]
[EventDate "2022.12.02"]
[EventType "rapid"]
[EventCountry "ROU"]
[SourceTitle "playchess.com"]
[Source "ChessBase"]
[SourceQuality "1"]
[TimeControl "600+5"]

1. d4 Nf6 2. c4 e6 3. Nc3 d5 4. Nf3 Be7 5. Bf4 O-O 6. Rc1 c6 7. e3 b6 {[%emt 0:00:07] D37: Queen's Gambit Declined: 5 Bf4.} 8. cxd5 cxd5 9. Bd3 Bb7 {[%emt 0:00:46] White is slightly better.} 10. O-O {[%emt 0:00:18] [#]} Ne4 $146 ({Predecessor:} 10... Nh5 11. Be5 Nd7 12. Ne2 Nxe5 13. dxe5 g6 14. Ned4 Ng7 15. Qa4 f6 16. Rc2 fxe5 17. Nxe5 {1-0 (82) Vo,T (2197)-Nguyen,T (1936) Da Lat 2014}) 11. Nb5 Nc6 12. Ne5 Nxe5 13. Bxe5 Nd6 $2 ({Black should try} 13... a6 $14 14. Bc7 (14. Qg4 g6 $14) 14... Qe8 15. Bxe4 Qxb5) 14. Qh5 {[%emt 0:02:59][%csl Gd3][%cal Rh5h7] [#]} f5 $2 {[%emt 0:00:16] This move loses the game for Black.} (14... Nf5 $16 {was worth a try.} 15. Bxf5 exf5) 15. Nc7 Qd7 16. Nxa8 Bxa8 17. Rc2 Nc4 18. b3 ({Much less strong is} 18. Bxc4 $6 dxc4 19. b3 (19. Rxc4 $2 {loses.} Qd5 $19) 19... b5 20. bxc4 bxc4 $18) (18. Bf4 $142) 18... Nxe5 $18 19. dxe5 $40 {[%emt 0:00:01][%mdl 128] White attacks with force.} d4 20. exd4 Qxd4 21. Qe2 ({Don't take} 21. Rc7 $6 Bc5 $16) 21... f4 $2 (21... Qd5 {was called for.} 22. f3 Qd7) 22. Rc4 Qd5 23. Be4 f3 24. Bxd5 fxe2 25. Bxe6+ Kh8 {[%emt 0:00:00][%cal Oe7c5] Threatens to win with ...Bc5!} 26. Re1 Bc5 27. Rxe2 Bb7 28. Rc1 Rd8 29. Bc4 Ba3 30. Rb1 Rd4 31. e6 Be7 32. Ree1 Rg4 33. g3 h5 34. Rbd1 {[%emt 0:00:03] And now Rd7 would win.} Bc6 {[%emt 0:00:12] [#] Inhibits Rd7.} 35. Rd7 $1 Bc5 (35... Bb4 36. Re5) 36. Rd8+ Kh7 37. e7 h4 38. e8=Q Bxe8 39. Rexe8 {[%emt 0:00:06] Bd3+ is the strong threat.} hxg3 40. hxg3 {[%emt 0:00:03] Black must now prevent Bd3+.} Rxg3+ 41. Kf1 Rf3 42. Re2 a5 43. Kg2 Rf4 44. Bd3+ Kh6 45. Re6+ Kh5 46. Rh8+ {[%emt 0:00:03] Weighted Error Value: White=0.34/Black=0.64} 1-0

[Event "Romanian Rapid Open 2022"]
[Site "Sebes"]
[Date "2022.12.02"]
[Round "4.25"]
[White "Cazan, Mircea-Andrei"]
[Black "Zubcu, Vlad-George"]
[Result "0-1"]
[ECO "A07"]
[WhiteElo "1898"]
[BlackElo "2135"]
[Annotator "TA"]
[PlyCount "72"]
[EventDate "2022.12.02"]
[EventType "rapid"]
[EventCountry "ROU"]
[SourceTitle "playchess.com"]
[Source "ChessBase"]
[SourceQuality "1"]
[TimeControl "600+5"]

1. g3 d5 2. Bg2 Nf6 3. Nf3 Bg4 4. h3 Bxf3 5. Bxf3 c6 6. d3 {[%emt 0:00:16] A07: Réti Opening: New York and Capablanca Systems.} Nbd7 7. Nc3 e5 8. e4 {[%emt 0:00:08][%cal Re4d5] The position is equal.} dxe4 {[%emt 0:00:35] [#]} 9. dxe4 $146 ({Predecessor:} 9. Nxe4 Nxe4 10. Bxe4 Bc5 11. Qg4 g6 12. O-O f5 13. Bxf5 gxf5 14. Qh5+ Ke7 15. Qxf5 {1-0 (25) Cloarec,A (1859)-Gadarinian,C (1880) Rennes 2007}) 9... Bb4 10. O-O O-O 11. a3 (11. Nb1 $11) 11... Bxc3 $15 12. bxc3 Qa5 13. Bd2 Rad8 14. Qe2 h6 15. Bg2 (15. c4 $11 Qc7 16. Be3) 15... Nc5 16. Rfd1 (16. Rfb1 $15) 16... Qa4 $17 {[%emt 0:00:04][%csl LRc2,LRe4] Black has more active pieces.} 17. f3 (17. c4 $17) 17... Qxc2 $19 18. Rac1 Qa4 ({Better is} 18... Qa2 $19 {Threatens to win with ...Nb3.} 19. Ra1 Qc2) 19. Be3 Ne6 ({Black should try} 19... Qxa3 $19 20. Bf1 Rxd1 21. Qxd1 a5) 20. Bf2 (20. Ra1 $17 {was necessary.}) 20... Qxa3 21. f4 $2 (21. Re1) 21... exf4 22. gxf4 Nxf4 23. Qf3 Nd3 24. Ra1 $17 Qb2 (24... Qxc3 25. Bf1 $15) 25. Bd4 Rxd4 26. cxd4 Qxd4+ 27. Kf1 {[%emt 0:00:27] [#]} Nxe4 $1 28. Ra3 Nec5 {[%emt 0:00:08] Strongly threatening ...Rd8.} ({Inferior is} 28... Qf2+ 29. Qxf2 Nexf2 30. Rb1 $17) 29. Raxd3 Nxd3 30. Rxd3 Qb6 31. Rd7 (31. Rb3 $17 {keeps fighting.} Qc7 32. Qe4) 31... a5 $19 32. Qd3 {[%emt 0:00:25] [#]} Re8 $2 (32... a4 $1 $19 {[%cal Ra4a3] ...a3! is the strong threat.} 33. Be4 Qb2) 33. Qf5 $11 Qb3 34. Be4 $2 (34. Qxa5 $15 b5 35. Rd8 Qc4+ 36. Kg1 Qc1+ 37. Kh2 Qf4+ 38. Kg1 (38. Kh1 Rxd8 39. Qxd8+ Kh7 $17) 38... Qe3+ 39. Kf1) 34... g6 $19 35. Qg4 Qc4+ 36. Kf2 $2 (36. Bd3 Qc1+ 37. Kg2 Qd2+ 38. Kg1) 36... Qxe4 {[%emt 0:00:06] Weighted Error Value: White=0.58/Black=0.36} (36... Rxe4 $142 37. Qd1 Qc5+ 38. Kg3 Qe5+ 39. Kg2 Qg5+ 40. Kf2 Rf4+ 41. Ke2 Qg3 42. Rd8+ Kh7) 0-1

[Event "Romanian Rapid Open 2022"]
[Site "Sebes"]
[Date "2022.12.02"]
[Round "4.26"]
[White "Dragomirescu, Calin"]
[Black "Zaharie, Ioan"]
[Result "1-0"]
[ECO "E94"]
[WhiteElo "1971"]
[BlackElo "1704"]
[Annotator "TA"]
[PlyCount "43"]
[EventDate "2022.12.02"]
[EventType "rapid"]
[EventCountry "ROU"]
[SourceTitle "playchess.com"]
[Source "ChessBase"]
[SourceQuality "1"]
[TimeControl "600+5"]

1. d4 Nf6 2. Nf3 g6 3. c4 Bg7 4. Nc3 d6 5. e4 Nbd7 6. Be2 e5 7. O-O O-O 8. Be3 c6 9. d5 cxd5 10. cxd5 Nb6 {[%emt 0:00:07] E94: King's Indian: Classical: 6 Be2 e5 7 0-0: Various Black 7th moves.} (10... Ne8 $14) 11. Nd2 {[%emt 0:00:09] White is more active.} Bd7 12. a4 {[%emt 0:00:05][%cal Ba2a4,Ba4a5][%mdl 32] [#]} Rc8 $146 {[%emt 0:00:08] [#]} (12... Nc8 $16 {was necessary.} 13. Qb3 Rb8) ({Predecessor:} 12... h5 13. a5 Nc8 14. f3 b6 15. b4 bxa5 16. bxa5 Rb8 17. Nc4 h4 18. Qd2 h3 {1-0 (50) Al Mutairi,H (1883)-Can,E (2600) Moscow 2019}) 13. a5 $18 Na8 14. Bxa7 Qe7 15. Be3 Nc7 16. Na4 Bxa4 (16... Bb5 $142 17. Rc1 Bxe2 18. Qxe2 Na6) 17. Qxa4 ({Don't take} 17. Rxa4 $6 Na6 18. Bxa6 bxa6 $18) 17... Ra8 18. b4 Rfc8 19. f3 Nd7 (19... Ncxd5 {is a better defense.} 20. exd5 Nxd5) 20. Rfc1 Bf8 21. Rc2 Nb8 $2 {[%emt 0:00:23] [#]} (21... Ne8 22. Rxc8 Rxc8) 22. Rac1 {[%emt 0:00:08] Black did not feel at home in the position after the opening.   Weighted Error Value: White=0.22 (precise) /Black=0.74} 1-0

[Event "Romanian Rapid Open 2022"]
[Site "Sebes"]
[Date "2022.12.02"]
[Round "4.27"]
[White "Cordea, David"]
[Black "Stan, Luciana-Gabriela"]
[Result "0-1"]
[ECO "D02"]
[WhiteElo "2049"]
[BlackElo "1823"]
[Annotator "TA"]
[PlyCount "71"]
[EventDate "2022.12.02"]
[EventType "rapid"]
[EventCountry "ROU"]
[SourceTitle "playchess.com"]
[Source "ChessBase"]
[SourceQuality "1"]
[TimeControl "600+5"]

1. d4 d5 2. Nf3 Nf6 3. g3 g6 4. Bg2 Bg7 5. O-O O-O 6. c3 c5 7. Nbd2 {[%emt 0:00:17] D02: 1 d4 d5 2 Nf3 sidelines, including 2...Nf6 3 g3 and 2...Nf6 3 Bf4.} (7. dxc5 $142 Ne4 8. Ng5) 7... Nc6 {[%emt 0:00:01] [#]} ({Black should play} 7... cxd4 8. cxd4 Bf5) 8. b3 $146 (8. dxc5 $142 e5 9. b4) ({Predecessor:} 8. dxc5 e5 9. b4 e4 10. Nd4 Ng4 11. N2b3 h5 12. f3 Nge5 13. fxe4 dxe4 14. Bxe4 Bh3 {0-1 (54) Moussard,J (2651)-Dubov,D (2702) Chess.com INT 2022}) 8... a5 9. a4 {[%emt 0:01:08] Black has an edge.} cxd4 10. cxd4 Bf5 11. Bb2 Nb4 {[%emt 0:00:12] Black is more active.} 12. Rc1 {[%emt 0:02:00] Against Bc2} Rc8 13. Rc3 Qb6 14. Ne5 Rxc3 ({Don't play} 14... Qxd4 $6 15. Rxc8 Qxb2 16. Rxf8+ Kxf8 17. Nef3 $11) 15. Bxc3 Rc8 {[%emt 0:00:01] Prevents e3.} 16. Qa1 Nc2 17. Qb2 Qc7 {[%emt 0:00:13] Prevents e4.} 18. Nb1 Ne4 {[%emt 0:00:30][%cal Re4c3] Against g4} 19. Qxc2 {[%emt 0:00:39] [#]} (19. Be1 $17) 19... Nxc3 $2 (19... Nxg3 $1 $19 20. e4 Nxe4 21. Bxe4 Bxe4) 20. Qxc3 $14 Qxc3 21. Nxc3 Rxc3 22. Bxd5 b6 (22... e6 $14 23. Bg2 g5) 23. Bxf7+ $18 (23. Nxf7 $2 {is the wrong capture.} e6 24. Bg2 Kxf7 $19) 23... Kf8 {[%emt 0:00:01] [#] Hoping for ...Bxe5.} 24. Bc4 Bh6 25. g4 Bc8 26. e3 Bg7 27. h3 Bf6 28. Kg2 Kg7 29. Kf3 Bb7+ 30. Ke2 {[%emt 0:00:07] Black must now prevent Kd2.} Bg2 31. Rd1 {[%emt 0:00:37] aiming for Kd2.} Rc2+ 32. Rd2 Rc1 33. Rd1 (33. Nd3 $18 Rh1 34. Nf4 Bxh3 35. Kf3) 33... Rc2+ $14 34. Rd2 (34. Ke1 $14) 34... Rc1 $1 $18 35. Nd7 $2 (35. Nd3 $18 Rh1 36. Nf4 Bxh3 37. Kf3) 35... Bxh3 $11 36. Nxb6 {[%emt 0:00:13][%mdl 32768] Weighted Error Value: White=0.42/Black=0.28 (precise) . Loss on time!?} 0-1